 Dungeon Crawl Stone Soup version 0.30-a0-305-g026cb31310 (webtiles) character file.

Game seed: 3570954919037190305

2613 koil the Covert (level 9, -1/41 HPs)
             Began as a Spriggan Brigand on Oct 22, 2022.
             Was an Initiate of Wu Jian.
             Succumbed to a hornet's poison
             ... while paralysed by a hornet
             ... on level 7 of the Dungeon.
             The game lasted 00:29:53 (5781 turns).

koil the Covert (Spriggan Brigand)                  Turns: 5781, Time: 00:29:54

Health: -1/41      AC:  6    Str:  6    XL:     9   Next: 34%
Magic:  20/20      EV:  4    Int: 16    God:    Wu Jian [......]
Gold:   256        SH:  0    Dex: 23    Spells: 21/21 levels left

rFire   x . .      SeeInvis +    b - +11 spear "Efull" {vorpal, Dex+3}
rCold   + + .      Faith    .    (no shield)
rNeg    . . .      Spirit   .    A - +1 robe
rPois   .          Reflect  .    (helmet restricted)
rElec   .          Harm     .    M - +2 cloak
rCorr   +          Rampage  .    (gloves unavailable)
Will    +....                    (boots unavailable)
Stlth   +++++.....               i - amulet of regeneration
HPRegen 1.06/turn                L - ring of resist corrosion
MPRegen 0.17/turn                D - ring of ice

@: paralysed, lethally poisoned (-1 -> -12), slowed, very quick
A: very small, no large weapons, unfitting armour, see invisible, speed 3, agile
1, cold resistance 1, frail 1, screaming 1
a: Renounce Religion


You were on level 7 of the Dungeon.
You worshipped Wu Jian.
Wu Jian was noncommittal.
You visited 2 branches of the dungeon, and saw 9 of its levels.

You collected 256 gold pieces.

Inventory:

Hand Weapons
 a - a +0 quick blade of protection
 b - the +11 spear "Efull" (weapon) {vorpal, Dex+3}
   (You found it on level 4 of the Dungeon)

   It inflicts extra damage upon your enemies.
   Dex:       It affects your dexterity (+3).
 G - a +2 dagger of draining
 K - a +3 dagger of venom
Missiles
 d - 15 poisoned darts (quivered)
 e - 3 curare-tipped darts
 s - 2 throwing nets
Armour
 A - a +1 robe (worn)
 M - a +2 cloak (worn)
Jewellery
 i - an amulet of regeneration (around neck)
 D - a ring of ice (right hand)
 L - a ring of resist corrosion (left hand)
Wands
 t - a wand of mindburst (14)
 C - a wand of roots (19)
 O - a wand of acid (10)
Scrolls
 k - a scroll of enchant armour
 u - a scroll of amnesia
 y - 2 scrolls of teleportation
 F - a scroll of magic mapping
 I - a scroll of immolation
Potions
 g - 3 potions of curing
 h - a potion of magic
 m - a potion of resistance
 o - 2 potions of might
 E - 2 potions of brilliance
 J - a potion of cancellation
 N - a potion of invisibility


   Skills:
 + Level 4.9 Fighting
 + Level 6.6 Short Blades
 - Level 2.0 Throwing
 + Level 7.5 Dodging
 + Level 10.6 Stealth
 + Level 6.6 Spellcasting


You had 21 spell levels left.
You didn't know any spells.
Your spell library contained the following spells:

 Spells                   Type           Power      Damage    Failure   Level
 Apportation              Tloc           10%        N/A       13%         1
 Magic Dart               Conj           20%        1d4       13%         1
 Necrotise                Necr           20%        1d5       13%         1
 Summon Small Mammal      Summ           20%        N/A       13%         1
 Call Imp                 Summ           5%         N/A       19%         2
 Cigotuvi's Dreadful Rot  Necr/Pois/Air  10%        N/A       19%         2
 Inner Flame              Hex/Fire       5%         N/A       36%         3
 Mephitic Cloud           Conj/Pois/Air  5%         N/A       36%         3
 Dispel Undead            Necr           5%         3d7       77%         4
 Flame Wave               Conj/Fire      5%         2d5       77%         4
 Sticky Flame             Conj/Fire      5%         2d3       77%         4
 Summon Ice Beast         Ice/Summ       8%         N/A       77%         4
 Alistair's Intoxication  Tmut/Pois      3%         N/A       98%         5
 Summon Mana Viper        Hex/Summ       5%         N/A       98%         5
 Death Channel            Necr           2%         N/A       100%        6
 Monstrous Menagerie      Summ           2%         N/A       100%        7


Dungeon Overview and Level Annotations

Branches:
Dungeon (8/15)             Temple (1/1) D:4            Lair (0/5) D:8

Altars:
Ashenzari
Cheibriados
Dithmenos
Elyvilon
Fedhas
Gozag
Hepliaklqana
Makhleb
Nemelex Xobeh
Okawaru
Qazlal
Ru
Sif Muna
Trog
Uskayaw
Vehumet
Wu Jian
Xom
Yredelemnul
The Shining One

Shops:
D:4 *   D:6 *


Innate Abilities, Weirdness & Mutations

You are very small and have problems with some larger weapons.
You are too small for most types of armour.
You have supernaturally acute eyesight. (SInv)
You cover ground extremely quickly. (Speed+++)
You are agile. (Dex +4, Str/Int -1)
Your flesh is cold resistant. (rC+)
You are frail. (-10% HP)
You occasionally shout uncontrollably at your foes.


Message History

The yak is lightly wounded.
You hear a shout!
The yak completely misses you. The yak gores you!
The yak gores you but does no damage.
The gnoll bouda shouts!
You hit the yak.
The yak is moderately wounded.
You hear a shout! x2
The centaur completely misses you. The centaur kicks you.
The gnoll bouda barks out a call to the hunt!
The yak misses you. x2; The yak closely misses you.
The centaur misses you.
The centaur kicks you but does no damage.
You yell at the gnoll! 2 gnolls come into view.
The gnoll shouts!
You hear a shout! x3
The centaur wields a +0 shortbow.
The centaur shoots an arrow.
The arrow hits you! The hornet completely misses you.
There is a stone staircase leading up here.
The hornet closely misses you.
You climb upwards.
There is a stone staircase leading down here.
You hit the hornet but do no damage. The hornet completely misses you. x2
You hit the hornet but do no damage. The hornet stings you.
You are poisoned.
You feel yourself slow down. The hornet stings you!
You are more poisoned.
You feel as though you will be slow longer.
You miss the hornet.
You feel extremely sick. The hornet stings you.
* * * LOW HITPOINT WARNING * * *
You are lethally poisoned!
You suddenly lose the ability to move!
The hornet stings you but does no damage.
* * * LOW HITPOINT WARNING * * *
You feel very sick. The hornet barely misses you.
The hornet stings you but does no damage.
You die...

...# #.# #.# #.## ##.#
#.#####.#######... #.#
########.#...............
##.######........######.######.#.
........#.######'######.# ####.#.
##.....##.##............# #.##.#.
#......##.##............# #.##.#.
#......##.##...y........# #.##.#.
#......##.##....@.......# #.##.#.
#......##.##............# #.##.#.
...........+............###.##.#.
#..######.##.....................
..................##.##.###<##.#.
..........##....##.....####.##.#.
..........##.....................
#..#.##.#.....#.....≈≈....#.##.#.
........+.....#...).≈≈....#......


You could see a hornet.

Vanquished Creatures
  Sigmund (D:4)
  3 yaks (D:7)
  Menkaure (D:5)
  An ice beast (D:5)
  3 sky beasts
  2 black bears
  3 ogres
  A centaur (D:6)
  2 phantoms
  A bullfrog (D:7)
  4 scorpions
  4 hounds
  A jelly (D:6)
  An orc priest (D:4)
  A gnoll bouda (D:6)
  3 iguanas
  Natasha (thrice) (D:3)
  An orc wizard (D:5)
  4 gnolls
  6 adders
  An ufetubus (D:4)
  4 dart slugs
  15 orcs
  7 ball pythons
  5 endoplasms
  4 giant cockroaches
  7 goblins
  7 hobgoblins
  4 jackals
  3 quokkas
  10 bats
  3 frilled lizards
  6 kobolds
  7 rats
129 creatures vanquished.

Notes
Turn   | Place    | Note
-------+----------+-------------------------------------------
     0 | D:1      | koil the Spriggan Brigand began the quest for the Orb.
     0 | D:1      | Reached XP level 1. HP: 10/10 MP: 2/2
    88 | D:1      | Reached skill level 6 in Stealth
    91 | D:1      | Reached XP level 2. HP: 15/15 MP: 3/3
   224 | D:1      | Reached skill level 1 in Spellcasting
   375 | D:1      | Reached XP level 3. HP: 17/18 MP: 5/5
   933 | D:2      | Reached XP level 4. HP: 23/23 MP: 7/7
  1203 | D:3      | Found a glowing golden altar of the Shining One.
  1648 | D:3      | Noticed Natasha
  1650 | D:3      | Killed Natasha
  1689 | D:3      | Noticed Natasha
  1710 | D:3      | Killed Natasha
  1711 | D:3      | Reached XP level 5. HP: 15/26 MP: 9/9
  1952 | D:3      | Noticed Natasha
  1999 | D:3      | Killed Natasha
  2031 | D:4      | Noticed Sigmund
  2035 | D:4      | Killed Sigmund
  2036 | D:4      | Reached skill level 7 in Stealth
  2036 | D:4      | Reached XP level 6. HP: 32/32 MP: 9/11
  2079 | D:4      | Found a bloodstained altar of Trog.
  2173 | D:4      | Found a staircase to the Ecumenical Temple.
  2446 | D:4      | Found a blossoming altar of Fedhas.
  2459 | D:4      | Found an opulent altar of Gozag.
  2520 | D:4      | Found Gikot's Assorted Antiques.
  2532 | D:4      | Identified the +11 spear "Efull" {vorpal, Dex+3}
  2634 | D:5      | Entered Level 5 of the Dungeon
  2644 | D:5      | Reached XP level 7. HP: 36/36 MP: 13/13
  2717 | D:5      | Reached skill level 8 in Stealth
  2895 | D:5      | Found a radiant altar of Vehumet.
  2895 | D:5      | Found a white marble altar of Elyvilon.
  2897 | D:5      | Found a shimmering blue altar of Sif Muna.
  3079 | D:5      | Reached skill level 5 in Dodging
  3108 | D:5      | Noticed Menkaure
  3119 | D:5      | Killed Menkaure
  3182 | D:5      | Reached skill level 5 in Short Blades
  3211 | D:5      | Reached XP level 8. HP: 42/42 MP: 16/16
  3910 | D:5      | Reached skill level 5 in Spellcasting
  3917 | D:5      | Reached skill level 9 in Stealth
  4000 | D:6      | Found a hide-covered altar of Uskayaw.
  4102 | D:6      | Found Tiomeg's General Store.
  4556 | D:7      | Reached skill level 10 in Stealth
  4556 | D:7      | Reached XP level 9. HP: 17/46 MP: 17/19
  4695 | D:7      | Found an ornate altar of the Wu Jian Council.
  4703 | D:7      | Became a worshipper of the Wu Jian Council
  4838 | D:7      | Found a stormy altar of Qazlal.
  5214 | D:7      | Found a shimmering altar of Xom.
  5469 | Temple   | Entered the Ecumenical Temple
  5608 | Temple   | Identified a scroll of acquirement
  5658 | Temple   | Acquired a +0 quick blade of protection
  5665 | Temple   | Gained mutation: Your magical capacity is low. (-10% MP)
                  | [potion of mutation]
  5665 | Temple   | Gained mutation: Your mind is acute. (Int +4, Str/Dex -1)
                  | [potion of mutation]
  5666 | Temple   | Lost mutation: Your mind is acute. (Int +4, Str/Dex -1)
                  | [potion of mutation]
  5666 | Temple   | Lost mutation: Your magical capacity is low. (-10% MP)
                  | [potion of mutation]
  5666 | Temple   | Gained mutation: You occasionally lose the ability to drink
                  | potions when taking damage. [potion of mutation]
  5666 | Temple   | Gained mutation: You are clumsy. (Dex -2) [potion of
                  | mutation]
  5667 | Temple   | Lost mutation: You occasionally lose the ability to drink
                  | potions when taking damage. [potion of mutation]
  5667 | Temple   | Lost mutation: You are clumsy. (Dex -2) [potion of
                  | mutation]
  5667 | Temple   | Gained mutation: Your system is resistant to poisons.
                  | (rPois) [potion of mutation]
  5668 | Temple   | Lost mutation: Your system is resistant to poisons. (rPois)
                  | [potion of mutation]
  5668 | Temple   | Gained mutation: You are frail. (-10% HP) [potion of
                  | mutation]
  5668 | Temple   | Gained mutation: You are agile. (Dex +4, Str/Int -1)
                  | [potion of mutation]
  5668 | Temple   | Gained mutation: You occasionally shout uncontrollably at
                  | your foes. [potion of mutation]
  5668 | Temple   | Gained mutation: Your flesh is cold resistant. (rC+)
                  | [potion of mutation]
  5757 | D:8      | Found a staircase to the Lair.
  5779 | D:7      | Paralysed by a hornet for 3 turns
  5781 | D:7      | Succumbed to a hornet's poison

Illustrated notes

Levels and vault maps discovered:
D:1:      nzn_arrival_depleted_hourglass, layout_rooms
D:2:      layout_loops_ring
D:3:      layout_basic, tso_altar, uniq_natasha
D:4:      layout_basic, old_standard_altar, minitemple,
          minmay_temple_entry_mini_moons, serial_shops, nicolae_diamond_shop,
          uniq_sigmund
D:5:      layout_layer_cave, gammafunk_temple_overflow_forgotten,
          minmay_misc_feat_columns, minmay_small_thing, uniq_menkaure
D:6:      layout_basic, mainiacjoe_overflow_24_doors, serial_shops, shop
D:7:      layout_basic, nicolae_overflow_crystal_walls, tgw_xom,
          nicolae_wu_jian_wuxing_cycle
D:8:      layout_cave_pools, mainiacjoe_overflow_paths, lair_entry_dummy,
          nicolae_ossuary_entry_catacombs
Temple:   hellmonk_temple_beads

Skill      XL: |  1  2  3  4  5  6  7  8  9 |
---------------+----------------------------+-----
Stealth        | 6 7 8 10 | 10.6
Dodging        | 2 3 4 5 6 7 |  7.5
Spellcasting   | 1 2 3 4 6 |  6.6
Fighting       | 2 3 4 |  4.9
Short Blades   | 3 4 5 6 |  6.6
Throwing       | |  2.0

Action                   |  1- 3 |  4- 6 |  7- 9 || total
-------------------------+-------+-------+-------++-------
Melee: Dagger            |   112 |   128 |       ||   240
       Punch             |     1 |     1 |     1 ||     3
       Spear             |       |     4 |   161 ||   165
Throw: Dart              |       |    24 |       ||    24
  Use: Scroll            |       |       |    21 ||    21
       Potion            |       |       |     4 ||     4
 Stab: Sleeping          |    13 |    17 |    11 ||    41
       Distracted        |       |       |     1 ||     1
Armor: Robe              |     9 |    16 |    11 ||    36
Dodge: Dodged            |    76 |    97 |   130 ||   303

Table legend: (Time is in decaauts)
 A = Elapsed time spent in this place.
 B = Non-inter-level travel time spent in this place.
 C = Inter-level travel time spent in this place.
 D = Time resting spent in this place.
 E = Time spent auto-exploring this place.
 F = Levels seen in this place.
 G = Mean time per level.
                   A        B        C        D        E       F      G
               +--------+--------+--------+--------+--------+-----+--------+
         Total |   3795 |   3580 |    215 |      4 |   2518 |   9 |  421.7 |
       Dungeon |   3653 |   3445 |    208 |      0 |   2463 |   8 |  456.6 |
        Temple |    142 |    136 |      6 |      4 |     54 |   1 |  142.0 |
               +--------+--------+--------+--------+--------+-----+--------+

Top non-repeatable levels by time:
     D:5: 846 daAuts
     D:7: 690 daAuts
     D:3: 612 daAuts
     D:4: 408 daAuts
     D:1: 370 daAuts
     D:6: 360 daAuts
     D:2: 348 daAuts
  Temple: 142 daAuts
     D:8: 15 daAuts
